 Dungeon Crawl Stone Soup version 0.28-a0-268-g3f656e82c2 (webtiles) character file.

Game seed: 1045544762477082800

125 Malachi the Ruffian (level 4, 0/35 HPs)
             Began as a Draconian Transmuter on Aug 28, 2021.
             Killed by nerve-wracking pain
             ... invoked by an orc priest
              (10 damage)
             ... on level 3 of the Dungeon.
             The game lasted 00:02:53 (2673 turns).

Malachi the Ruffian (Draconian Transmuter)          Turns: 2673, Time: 00:02:53

Health: 0/35       AC:  6    Str: 11 (12) XL:     4   Next: 82%
Magic:  7/7        EV: 12    Int: 21      God:
Gold:   72         SH:  0    Dex:  9 (11) Spells: 7/8 levels left

rFire   . . .      SeeInvis .     - Unarmed
rCold   . . .      Faith    .   (no shield)
rNeg    . . .      Spirit   .   (armour unavailable)
rPois   .          Reflect  .   (helmet restricted)
rElec   .          Harm     .   (no cloak)
rCorr   .          Rampage  .   (no gloves)
Will    .....                   i - +0 pair of boots
Stlth   +.........              (no amulet)
HPRegen 0.11/turn               d - +6 ring of intelligence
MPRegen 0.10/turn               (no ring)

@: flying
A: AC +5, unfitting armour, cold-blooded, antennae 1, big wings, screaming 1,
MP-powered wands
a: no special abilities


You were on level 3 of the Dungeon.
You visited 1 branch of the dungeon, and saw 4 of its levels.

You collected 72 gold pieces.

Inventory:

Armour
 i - a +0 pair of boots (worn)
Jewellery
 d - a +6 ring of intelligence (left hand)
Scrolls
 a - 2 scrolls of torment {unknown}
 b - a scroll of vulnerability {unknown}
 c - 2 scrolls of teleportation {unknown}
 e - a scroll of identify {unknown}


   Skills:
 + Level 1.2 Fighting
 + Level 2.3 Dodging
 + Level 0.3 Stealth
 * Level 4.2 Unarmed Combat
 + Level 2.5 Spellcasting
 * Level 3.1 Transmutations


You had 7 spell levels left.
You knew the following spells:

 Your Spells              Type           Power      Damage    Failure   Level
a - Beastly Appendage     Tmut           30%        N/A       3%          1

Your spell library contained the following spells:

 Spells                   Type           Power      Damage    Failure   Level
 Wereblood                Tmut           15%        N/A       6%          2
 Slow                     Hex            2%         N/A       22%         2
 Spider Form              Tmut/Pois      4%         N/A       22%         3
 Confusing Touch          Hex            2%         N/A       38%         3
 Vampiric Draining        Necr           1%         2d6       38%         3
 Ice Form                 Ice/Tmut       9%         N/A       58%         4


Dungeon Overview and Level Annotations

Branches:
Dungeon (4/15)
 Temple: D:4-7

Altars:
Elyvilon


Innate Abilities, Weirdness & Mutations

Your plain brown scales are hard. (AC +5)
You cannot fit into any form of body armour.
You are cold-blooded and may be slowed by cold attacks.
You have a pair of small antennae on your head.
Your large and strong wings let you fly.
You occasionally shout uncontrollably at your foes.
You expend magic power (3 MP) to strengthen your wands.


Message History

An orc comes into view. It is wielding a +0 flail.
The orc priest shouts!
The orc shouts!
The orc wizard barely misses you.
You closely miss the orc wizard. The orc wizard misses you.
You barely miss the orc wizard. The orc hits you but does no damage.
The orc wizard hits you with a +0 dagger.
You hit the orc wizard.
Your tail-slap misses the orc wizard.
The orc wizard is moderately wounded.
The orc hits you with a +0 club.
The orc wizard hits you but does no damage.
You hit the orc wizard.
You tail-slap the orc wizard, but do no damage.
The orc wizard is moderately wounded.
The orc hits you but does no damage.
The orc priest hits you with a +0 hand axe.
The orc wizard hits you but does no damage.
The orc closely misses you.
You closely miss the orc wizard.
The orc wizard is moderately wounded.
The orc hits you with a +0 club.
The orc priest hits you with a +0 hand axe.
Unknown command.
You hit the orc wizard but do no damage.
The orc wizard is moderately wounded.
The orc hits you with a +0 flail.
The orc wizard casts a spell.
The orc wizard flickers and vanishes!
Deactivating autopickup; reactivate with Ctrl-A.
The orc hits you with a +0 club.
* * * LOW HITPOINT WARNING * * *
You are too injured to fight recklessly!
Unknown command.
You are too injured to fight recklessly!
You aren't carrying any potions.
Unknown command.
The orc priest looks satisfied for a moment.
Something hits you but does no damage.
The orc priest mumbles some strange prayers to Beogh against you.
Pain shoots through your body!
You die...

........?........#
................$#
.................#
.................#
..................
.................#
##+###..ooo.......
#####.#####. #@#
#.# #.# #.#######
######## #.......#
#.(..... #.......#
#......) #.......#
#....... #.......#
#....... #.......#
##......


You could see an orc priest and an orc.

Vanquished Creatures
  An orc priest (D:3)
  An orc wizard (D:3)
  2 adders (D:2)
  A dart slug (D:1)
  3 orcs (D:3)
  3 bats
  3 endoplasms
  5 giant cockroaches (D:1)
  5 goblins
  5 hobgoblins
  2 jackals (D:2)
  3 quokkas
  2 ball pythons
  2 frilled lizards (D:1)
  4 kobolds
  4 rats
46 creatures vanquished.

Notes
Turn   | Place    | Note
-------+----------+-------------------------------------------
     0 | D:1      | Malachi the Draconian Transmuter began the quest for the
                  | Orb.
     0 | D:1      | Reached XP level 1. HP: 16/16 MP: 3/3
   170 | D:1      | Reached XP level 2. HP: 19/23 MP: 3/5
  1262 | D:2      | Reached XP level 3. HP: 24/28 MP: 4/6
  1736 | D:3      | Found a white marble altar of Elyvilon.
  1987 | D:3      | Reached XP level 4. HP: 25/35 MP: 5/7
  1999 | D:3      | Gained mutation: You have a pair of small antennae on your
                  | head. [potion of mutation]
  1999 | D:3      | Gained mutation: You occasionally shout uncontrollably at
                  | your foes. [potion of mutation]
  1999 | D:3      | Gained mutation: Your large and strong wings let you fly.
                  | [potion of mutation]
  1999 | D:3      | Gained mutation: You expend magic power (3 MP) to
                  | strengthen your wands. [potion of mutation]
  2005 | D:3      | Reached skill level 4 in Unarmed Combat
  2673 | D:3      | Killed from afar by an orc priest

Illustrated notes

Levels and vault maps discovered:
D:1:      wander_arrival_desolate, layout_basic, minmay_misc_feat_enclosed
D:2:      layout_basic
D:3:      layout_basic, lemuel_doored_altar, elyvilon_altar_1,
          chequers_ecumenical_altar_simple
D:4:      layout_loops_ring, ashenzari_altar_1, kennysheep_mini,
          minmay_temple_entry_poolview, uniq_blork_the_orc

Skill      XL: |  1  2  3  4 |
---------------+-------------+-----
Dodging        | 2 |  2.3
Unarmed Combat | 4 |  4.2
Transmutations | 3 |  3.1
Fighting       | |  1.2
Stealth        | |  0.3
Spellcasting   | |  2.5

Action                   |  1- 3 |  4- 6 || total
-------------------------+-------+-------++-------
Melee: Unarmed           |   123 |    30 ||   153
       Kick              |    18 |     3 ||    21
       Tailslap          |     5 |     2 ||     7
       Punch             |     2 |     1 ||     3
       Headbutt          |    13 |     1 ||    14
 Cast: Beastly Appendage |    25 |       ||    25
  Use: Potion            |       |     3 ||     3
 Stab: Sleeping          |     1 |       ||     1
Armor: Skin              |    35 |    35 ||    70
Dodge: Dodged            |    69 |    15 ||    84

Table legend: (Time is in decaauts)
 A = Elapsed time spent in this place.
 B = Non-inter-level travel time spent in this place.
 C = Inter-level travel time spent in this place.
 D = Time resting spent in this place.
 E = Time spent auto-exploring this place.
 F = Levels seen in this place.
 G = Mean time per level.
                   A        B        C        D        E       F      G
               +--------+--------+--------+--------+--------+-----+--------+
         Total |   2660 |   2541 |    119 |    564 |   1632 |   4 |  665.0 |
       Dungeon |   2660 |   2541 |    119 |    564 |   1632 |   4 |  665.0 |
               +--------+--------+--------+--------+--------+-----+--------+

Top non-repeatable levels by time:
     D:1: 1220 daAuts
     D:3: 953 daAuts
     D:2: 484 daAuts
     D:4: 1 daAuts
